 Dungeon Crawl Stone Soup version 0.31-a0-844-gdc52ec4 (webtiles) character file.

Game seed: 17229418647819393466

266 Dorkslayer the Ducker (level 6, -5/43 HPs)
             Began as an Octopode Fighter on Sept 29, 2023.
             Killed from afar by an orc wizard (10 damage)
             ... with a magic dart
             ... on level 2 of the Dungeon.
             The game lasted 00:02:03 (903 turns).

Dorkslayer the Ducker (Octopode Fighter)             Turns: 903, Time: 00:02:04

Health: -5/43      AC:  1    Str: 15    XL:     6   Next: 20%
Magic:  6/6        EV: 14    Int: 11    God:
Gold:   62         SH:  5    Dex: 13    Spells: 5/5 levels left

rFire   . . .        a - +0 long sword
rCold   . . .        b - +0 buckler
rNeg    . . .        (helmet restricted)
rPois   .            (no amulet)
rElec   .            (no ring)
rCorr   .            (no ring)
SInv    .            (no ring)
Will    .....        (no ring)
Stlth   +++          (no ring)
HPRegen 0.27/turn    (no ring)
MPRegen 0.10/turn    (no ring)
                     (no ring)

%: no passive effects
@: no status effects
A: almost no armour, amphibious, 8 rings, camouflage 1, gelatinous body 1,
(nimble swimmer 1), tentacles
a: no special abilities


You were on level 2 of the Dungeon.
You visited 1 branch of the dungeon, and saw 2 of its levels.

You collected 62 gold pieces.

Inventory:

Hand Weapons
 a - a +0 long sword (weapon)
Armour
 b - a +0 buckler (worn)
Scrolls
 d - 2 scrolls of identify
 f - a scroll of brand weapon {unknown}
 g - 3 scrolls of blinking {unknown}
Potions
 c - a potion of curing {unknown}
 e - a potion of berserk rage
 h - a potion of brilliance {unknown}


   Skills:
 + Level 4.2 Fighting
 + Level 3.1 Long Blades
 * Level 4.7 Dodging
 + Level 1.4 Stealth
 + Level 3.7 Shields


You had 5 spell levels left.
You didn't know any spells.
Your spell library was empty.

Dungeon Overview and Level Annotations

Branches:
Dungeon (2/15)

Altars:


Innate Abilities, Weirdness & Mutations

You cannot wear most types of armour.
You are amphibious.
You can wear up to eight rings at the same time.
Your skin changes colour to match your surroundings (Stealth+).
Your rubbery body absorbs attacks. (AC +1, EV +1)
((You are camouflaged when in or above water. (Stealth+)))
You have tentacles for arms and can constrict up to eight enemies at once.


Message History

You constrict the orc.
You kill the orc!
You hear a shout!
An orc priest comes into view. It is wielding a +0 club.
Things that are here:
a +0 mace; an orc corpse You closely miss the orc wizard.
Your grab misses the orc wizard.
The orc wizard hits you with a +0 dagger.
The kobold hits you with a +0 whip. You block the kobold's attack.
The orc wizard hits you with a +0 dagger.
You block the endoplasm's attack.
You hit the orc wizard. Your grab misses the orc wizard.
The orc wizard is moderately wounded.
The endoplasm freezes you.
You are frozen.
The kobold hits you with a +0 whip.
You barely miss the orc priest. Your grab misses the orc priest.
The endoplasm barely misses you. The orc priest hits you with a +0 club.
The orc wizard casts a spell at you. The magic dart hits you.
You block the kobold's attack.
You hit the orc priest. Your grab misses the orc priest.
You squeeze the orc priest!
You kill the orc priest!
You block the kobold's attack. The endoplasm closely misses you.
You block the orc wizard's attack.
You slash the orc wizard! Your grab misses the orc wizard.
Your squeeze misses the orc wizard.
The orc wizard is severely wounded.
The kobold hits you with a +0 whip.
* * * LOW HITPOINT WARNING * * *
The orc wizard hits you with a +0 dagger.
* * * LOW HITPOINT WARNING * * *
You block the endoplasm's attack. The endoplasm freezes you.
You are frozen.
* * * LOW HITPOINT WARNING * * *
The kobold hits you with a +0 whip.
* * * LOW HITPOINT WARNING * * *
The orc wizard casts a spell at you. The magic dart hits you!
You die...

....+..# ....##.#
.##....## .##.....##
.........# ###########
.......#..# #..........
.......##+####..........
.#...............K......
.#...........†.)@)......
................oJ......
........................
........................
...###########..........
...# #.......... ...#
#.......... ...#
####..##### ...# #.


You could see an orc wizard, an endoplasm and a kobold.

Vanquished Creatures
  Sigmund (D:2)
  An orc priest (D:2)
  Jessica (D:2)
  An adder (D:2)
  3 dart slugs (D:1)
  An orc (D:2)
  2 ball pythons (D:1)
  3 bats (D:1)
  2 endoplasms (D:1)
  5 hobgoblins
  A frilled lizard (D:1)
  A goblin (D:1)
  3 kobolds
  2 rats (D:1)
27 creatures vanquished.

Notes
Turn   | Place    | Note
-------+----------+-------------------------------------------
     0 | D:1      | Dorkslayer the Octopode Fighter began the quest for the
                  | Orb.
     0 | D:1      | Reached XP level 1. HP: 16/16 MP: 1/1
   214 | D:1      | Found a faded altar of an unknown god.
   292 | D:1      | Reached XP level 2. HP: 21/21 MP: 2/2
   576 | D:1      | Reached XP level 3. HP: 20/26 MP: 3/3
   643 | D:2      | Noticed Sigmund
   643 | D:2      | Noticed Jessica
   651 | D:2      | Killed Jessica
   655 | D:2      | Killed Sigmund
   656 | D:2      | Reached skill level 1 in Stealth
   656 | D:2      | Reached XP level 4. HP: 30/33 MP: 4/4
   656 | D:2      | Reached XP level 5. HP: 34/37 MP: 5/5
   765 | D:2      | Reached XP level 6. HP: 43/43 MP: 6/6
   903 | D:2      | Killed from afar by an orc wizard

Illustrated notes

Levels and vault maps discovered:
D:1:      minmay_arrival_checkered_box, layout_rooms, basic_ecumenical_altar,
          minmay_ruptured
D:2:      layout_basic, uniq_sigmund, uniq_jessica

Skill      XL: |  1  2  3  4  5 |
---------------+----------------+-----
Fighting       | 4 |  4.2
Dodging        | 4 |  4.7
Stealth        | 1 |  1.4
Long Blades    | 3 |  3.1
Shields        | |  3.7

Action                     |  1- 3 |  4- 6 || total
---------------------------+-------+-------++-------
  Melee: Long sword        |    45 |    13 ||    58
         Constrict         |    14 |     2 ||    16
         Tentacles         |     9 |     3 ||    12
         Punch             |     1 |       ||     1
    Use: Potion            |     1 |       ||     1
         Scroll            |       |     2 ||     2
   Stab: Sleeping          |     1 |     2 ||     3
 Armour: Skin              |    24 |    12 ||    36
  Dodge: Dodged            |    22 |     3 ||    25
  Block: Buckler           |     4 |     6 ||    10

Table legend: (Time is in decaauts)
 A = Elapsed time spent in this place.
 B = Non-inter-level travel time spent in this place.
 C = Inter-level travel time spent in this place.
 D = Time resting spent in this place.
 E = Time spent auto-exploring this place.
 F = Levels seen in this place.
 G = Mean time per level.
                   A        B        C        D        E       F      G
               +--------+--------+--------+--------+--------+-----+--------+
         Total |    921 |    921 |      0 |      0 |    487 |   2 |  460.5 |
       Dungeon |    921 |    921 |      0 |      0 |    487 |   2 |  460.5 |
               +--------+--------+--------+--------+--------+-----+--------+

Top non-repeatable levels by time:
     D:1: 656 daAuts
     D:2: 265 daAuts
